 Dungeon Crawl Stone Soup version 0.29.1-1-gd02db6906a (webtiles) character file.

Game seed: 14506709632871807401

68 dave1331 the Grasshopper (level 4, -2/38 HPs)
             Began as a Gnoll Warper on Oct 4, 2022.
             Killed from afar by Robin (12 damage)
             ... with a puff of flame
             ... on level 2 of the Dungeon.
             The game lasted 00:05:38 (2681 turns).

dave1331 the Grasshopper (Gnoll Warper)             Turns: 2681, Time: 00:05:39

Health: -2/38      AC:  5    Str: 12    XL:     4   Next: 19%
Magic:  11/11      EV: 11    Int: 13    God:
Gold:   101        SH:  9    Dex: 11    Spells: 13/13 levels left

rFire   x . .      SeeInvis .   a - +0 hand axe
rCold   + . .      Faith    .   j - +2 kite shield
rNeg    . . .      Spirit   .   b - +2 leather armour
rPois   .          Reflect  .   (no helmet)
rElec   .          Harm     .   (no cloak)
rCorr   .          Rampage  .   (no gloves)
Will    .....                   (no boots)
Stlth   +.........              (no amulet)
HPRegen 0.12/turn               o - ring of wizardry
MPRegen 0.12/turn               l - ring of ice

@: no status effects
A: fangs 1, strong nose, distributed training
a: no special abilities


You were on level 2 of the Dungeon.
You visited 1 branch of the dungeon, and saw 2 of its levels.

You collected 101 gold pieces.

Inventory:

Hand Weapons
 a - a +0 hand axe (weapon)
Missiles
 d - 7 boomerangs of dispersal (quivered)
Armour
 b - a +2 leather armour (worn)
 j - a +2 kite shield (worn)
Jewellery
 g - a ring of protection from cold
 l - a ring of ice (right hand)
 o - a ring of wizardry (left hand)
Scrolls
 c - a scroll of blinking
 f - a scroll of noise
 k - a scroll of identify
Potions
 e - a potion of might {unknown}
 h - a potion of heal wounds {unknown}
 i - 2 potions of magic {unknown}
 m - 2 potions of mutation
 n - a potion of curing {unknown}


   Skills:
 + Level 4.6 Fighting
 + Level 1.1 Short Blades
 + Level 1.1 Long Blades
 + Level 4.6 Axes
 + Level 1.1 Maces & Flails
 + Level 1.1 Polearms
 + Level 1.1 Staves
 + Level 1.1 Ranged Weapons
 + Level 2.7 Throwing
 + Level 2.7 Armour
 + Level 4.6 Dodging
 + Level 1.1 Stealth
 + Level 1.1 Shields
 + Level 1.1 Unarmed Combat
 + Level 5.0 Spellcasting
 + Level 0.8 Conjurations
 + Level 0.8 Hexes
 + Level 0.8 Summonings
 + Level 0.8 Necromancy
 + Level 5.4 Translocations
 + Level 0.8 Transmutations
 + Level 0.8 Fire Magic
 + Level 0.8 Ice Magic
 + Level 0.8 Air Magic
 + Level 0.8 Earth Magic
 + Level 0.8 Poison Magic
 + Level 1.2 Invocations
 + Level 1.1 Evocations


You had 13 spell levels left.
You didn't know any spells.
Your spell library contained the following spells:

 Spells                   Type           Power      Damage    Failure   Level
 Blink                    Tloc           34%        N/A       5%          2
 Gell's Gravitas          Tloc           17%        N/A       11%         3
 Lesser Beckoning         Tloc           17%        N/A       11%         3
 Teleport Other           Tloc           17%        N/A       11%         3
 Manifold Assault         Tloc           17%        N/A       65%         5


Dungeon Overview and Level Annotations

Branches:
Dungeon (2/15)

Altars:

Shops:
D:1 =

Annotations:
D:2 Robin


Innate Abilities, Weirdness & Mutations

You have very sharp teeth.
Your uncanny sense of smell can sniff out nearby items.
Your experience applies equally to all skills.


Message History

You block the hobgoblin's attack.
You closely miss the hobgoblin.
You bite the hobgoblin, but do no damage.
You block the hobgoblin's attack.
You closely miss the hobgoblin.
You bite the hobgoblin, but do no damage.
You block the hobgoblin's attack.
You closely miss the hobgoblin.
The hobgoblin hits you but does no damage.
You hit the hobgoblin.
The hobgoblin is almost dead.
The hobgoblin hits you.
The hobgoblin hits you but does no damage.
You closely miss the hobgoblin. Your bite misses the hobgoblin.
The hobgoblin is almost dead.
The hobgoblin hits you but does no damage.
You hit the hobgoblin but do no damage.
The hobgoblin is almost dead.
You block the hobgoblin's attack.
You hit the hobgoblin.
You kill the hobgoblin!
You hit the hobgoblin.
The hobgoblin is almost dead.
The hobgoblin barely misses you. The hobgoblin misses you.
You hit the hobgoblin.
You kill the hobgoblin!
You hit Robin.
Robin is moderately wounded.
Robin zaps a wand.
You block the puff of flame. You block Robin's attack.
You hit Robin.
Robin is moderately wounded.
Robin zaps a wand.
The puff of flame hits you! The fire burns you terribly!
* * * LOW HITPOINT WARNING * * *
You barely miss Robin.
Robin is moderately wounded.
You block Robin's attack.
You hit Robin.
Robin is heavily wounded.
Robin zaps a wand.
The puff of flame hits you! The fire burns you terribly!
You die...

#.# #.##.###)#
####.# #.##.#
#.# #....#
#.##.###.#
#.####
#...†..... ##.#
###..###.. #..#
###..# #.. #.##
#....# #.. #)#
#....###.. #@#
#......... #g#
##..####..
###.# #..# #..
#...♣ #..# #..
#...$)♣ ...#
#.# #........
...####.#
#..♣...$..g.
.......
#..♣♣.......gg.
...>... ...
...........
.......


You could see Robin.

Vanquished Creatures
  An adder (D:2)
  A worm (D:2)
  A dart slug (D:1)
  2 ball pythons
  2 endoplasms
  3 giant cockroaches
  12 goblins
  11 hobgoblins
  3 jackals (D:1)
  A quokka (D:2)
  2 frilled lizards
  5 kobolds
  3 rats
47 creatures vanquished.

Vanquished Creatures (others)
  6 plants (D:1)
6 creatures vanquished.

Grand Total: 53 creatures vanquished

Notes
Turn   | Place    | Note
-------+----------+-------------------------------------------
     0 | D:1      | dave1331 the Gnoll Warper began the quest for the Orb.
     0 | D:1      | Reached XP level 1. HP: 20/20 MP: 6/6
     8 | D:1      | Found Zuepsid's Jewellery Shoppe.
   348 | D:1      | Reached XP level 2. HP: 14/26 MP: 7/7
  1661 | D:2      | Reached skill level 5 in Spellcasting
  1661 | D:2      | Reached XP level 3. HP: 26/31 MP: 7/9
  1894 | D:2      | Reached skill level 1 in Invocations
  2218 | D:2      | Reached skill level 1 in Short Blades
  2218 | D:2      | Reached skill level 1 in Long Blades
  2218 | D:2      | Reached skill level 1 in Maces & Flails
  2218 | D:2      | Reached skill level 1 in Polearms
  2218 | D:2      | Reached skill level 1 in Staves
  2218 | D:2      | Reached skill level 1 in Ranged Weapons
  2218 | D:2      | Reached skill level 1 in Stealth
  2218 | D:2      | Reached skill level 1 in Shields
  2218 | D:2      | Reached skill level 1 in Unarmed Combat
  2218 | D:2      | Reached skill level 1 in Evocations
  2633 | D:2      | Noticed Robin
  2650 | D:2      | Reached XP level 4. HP: 35/38 MP: 11/11
  2681 | D:2      | Killed from afar by Robin

Illustrated notes

Levels and vault maps discovered:
D:1:      reono_arrival_forest_river, layout_loops_ring, serial_shops, shop,
          dk_noncrumbling_2, serial_park_tiny_2, serial_bayou_pond_c,
          minmay_fountain_box, feat_on_display
D:2:      layout_loops_ring, amcnicky_mini_corridor_feature,
          minmay_misc_feat_rugged, kennysheep_decorative_pillar, uniq_robin

Skill      XL: |  1  2  3 |
---------------+----------+-----
Spellcasting   | 5 |  5.0
Invocations    | 1 |  1.2
Short Blades   | 1 |  1.1
Long Blades    | 1 |  1.1
Maces & Flails | 1 |  1.1
Polearms       | 1 |  1.1
Staves         | 1 |  1.1
Ranged Weapons | 1 |  1.1
Stealth        | 1 |  1.1
Shields        | 1 |  1.1
Unarmed Combat | 1 |  1.1
Evocations     | 1 |  1.1
Fighting       | |  4.6
Axes           | |  4.6
Throwing       | |  2.7
Armour         | |  2.7
Dodging        | |  4.6
Conjurations   | |  0.8
Hexes          | |  0.8
Summonings     | |  0.8
Necromancy     | |  0.8
Translocations | |  5.4
Transmutations | |  0.8
Fire Magic     | |  0.8
Ice Magic      | |  0.8
Air Magic      | |  0.8
Earth Magic    | |  0.8
Poison Magic   | |  0.8

Action                   |  1- 3 |  4- 6 || total
-------------------------+-------+-------++-------
Melee: Hand axe          |   147 |    32 ||   179
       Bite              |    13 |     4 ||    17
  Use: Scroll            |     9 |       ||     9
       Potion            |     1 |       ||     1
 Stab: Sleeping          |     2 |       ||     2
Armor: Leather armour    |    34 |     8 ||    42
Dodge: Dodged            |    67 |    12 ||    79
Block: Kite shield       |    47 |    19 ||    66
